 Dungeon Crawl Stone Soup version 0.31-a0-1591-g515db51633 (webtiles) character file.

Game seed: 9327670511574239960

414 anacleto the Ruffian (level 6, -2/61 HPs)
             Began as a Troll Gladiator on Jan 7, 2024.
             Slain by Pikel
             ... wielding a +0 whip of freezing
              (9 damage)
             ... on level 4 of the Dungeon.
             The game lasted 00:07:09 (4005 turns).

anacleto the Ruffian (Troll Gladiator)              Turns: 4005, Time: 00:07:10

Health: -2/61      AC:  4    Str: 25    XL:     6   Next: 60%
Magic:  0/5        EV: 10    Int:  7    God:
Gold:   198        SH:  0    Dex: 11    Spells: 5/5 levels left

rFire   . .          .
                       - Unarmed
rCold   . . .        (no shield)
rNeg    . . .        a - +0 robe
rPois   +            b - +0 hat
rElec   .            (no cloak)
rCorr   .            (gloves unavailable)
SInv    .            (boots unavailable)
Will    .....        q - amulet "Qauseu Ivve" {Spirit +Inv rPois Int+3}
Stlth   +            (no ring)
HPRegen 1.10/turn    (no ring)
MPRegen 0.09/turn

%: guardian spirit
@: no status effects
A: large, unfitting armour, claws 3, regeneration 1, shaggy fur 1, tough skin 1
a: Evoke Invisibility


You were on level 4 of the Dungeon.
You visited 1 branch of the dungeon, and saw 4 of its levels.

You collected 198 gold pieces.

Inventory:

Missiles
 c - 3 throwing nets
 d - 2 large rocks (quivered)
 e - 3 poisoned darts
 i - 5 curare-tipped darts
Armour
 a - a +0 robe (worn)
 b - a +0 hat (worn)
Jewellery
 q - the amulet "Qauseu Ivve" (around neck) {Spirit +Inv rPois Int+3}
   (You found it on level 2 of the Dungeon)

   [amulet of guardian spirit]

   Spirit:    It causes incoming damage to be divided between your reserves of
   health and magic.
   Int+3:     It affects your intelligence (+3).
   rPois:     It protects you from poison +Inv: It lets you turn invisible.
Scrolls
 g - a scroll of amnesia {unknown}
 k - 2 scrolls of fear {unknown}
 m - a scroll of blinking {unknown}
 o - a scroll of noise {unknown}
 p - a scroll of poison {unknown}
 s - a scroll of enchant armour {unknown}
 u - a scroll of immolation {unknown}
Potions
 f - 2 potions of curing
 h - a potion of ambrosia {unknown}
 j - a potion of heal wounds {unknown}
 l - a potion of mutation {unknown}
 n - 2 potions of brilliance {unknown}
 r - a potion of lignification {unknown}
 t - a potion of haste {unknown}


   Skills:
 * Level 3.6 Fighting
 + Level 2.9 Throwing
 - Level 2.4 Dodging
 * Level 4.9 Unarmed Combat
 + Level 2.2 Shapeshifting


You had 5 spell levels left.
You didn't know any spells.
Your spell library contained the following spells:

 Spells                   Type           Power      Damage    Failure   Level
 Mercury Vapours          Alch/Air       0%         N/A       56%         2
 Mephitic Cloud           Conj/Alch/Air  0%         N/A       80%         3
 Freezing Cloud           Conj/Ice/Air   0%         6-21      100%        5


Dungeon Overview and Level Annotations

Branches:
Dungeon (4/15)
 Temple: D:4-7

Altars:
Elyvilon
Yredelemnul

Annotations:
D:4 Pikel


Innate Abilities, Weirdness & Mutations

You are too large for most types of armour.
You have claws for hands.
Your natural rate of healing is unusually fast.
You are covered in fur. (AC +1)
You have tough skin. (AC +1)


Message History

Pikel hits you with a +0 whip of freezing.
Pikel freezes you.
You closely miss Pikel.
Pikel is moderately wounded.
The lemure hits you. Pikel barely misses you.
You closely miss Pikel.
Pikel is moderately wounded.
The lemure hits you.
Pikel hits you with a +0 whip of freezing.
Pikel freezes you.
Okay, then.
It was a potion of curing.
You feel better. The lemure hits you.
Pikel hits you with a +0 whip of freezing.
Pikel freezes you.
Okay, then.
Throw: 4 large rocks
Press: ? - help, Q - select action, (/) - cycle Shift-Dir - straight line, f/p - Pikel
Aim: Pikel, wielding a +0 whip of freezing and wearing a +0 robe (moderately wounded, 45% to hit)
You throw a large rock. The large rock closely misses Pikel.
The lemure barely misses you.
Pikel hits you with a +0 whip of freezing!
Pikel freezes you. The lemure hits you but does no damage.
Pikel barely misses you.
Throw: 3 large rocks
Press: ? - help, Q - select action, (/) - cycle Shift-Dir - straight line, f/p - Pikel
Aim: Pikel, wielding a +0 whip of freezing and wearing a +0 robe (moderately wounded, 45% to hit)
You throw a large rock. The large rock closely misses Pikel.
The lemure hits you!
* * * LOW HITPOINT WARNING * * *
Pikel hits you with a +0 whip of freezing.
* * * LOW HITPOINT WARNING * * *
Pikel freezes you.
* * * LOW HITPOINT WARNING * * *
The endoplasm freezes you.
You are frozen.
* * * LOW HITPOINT WARNING * * *
The lemure closely misses you. The endoplasm misses you.
Pikel hits you with a +0 whip of freezing!
You die...
Pikel says, "See you in Hell!"

.........#..... #....
###########.#### #....
#.# ####. ##'## #.
##...## #####. ##.....##
#..... ##.......##
##.###.
...###.J.......####...##.
(....'.5@......+.........
...###.K.......####...###
##.......## ##.##
##.....## #.#### ##...##
#..... ##'## #.#### #.#
#.# #.#########.#
##.........#.#


You could see Pikel, a lemure and an endoplasm.

Vanquished Creatures
  An ogre (D:4)
  A jelly (D:4)
  An orc priest (D:3)
  2 hounds (D:4)
  An iguana (D:4)
  An orc wizard (D:3)
  3 gnolls (D:3)
  3 adders
  3 dart slugs
  2 ribbon worms
  13 orcs
  5 bats
  6 endoplasms
  3 giant cockroaches (D:2)
  11 goblins
  3 hobgoblins
  4 kobolds
  7 quokkas
  5 ball pythons
  3 frilled lizards
  7 rats
85 creatures vanquished.

Notes
Turn   | Place    | Note
-------+----------+-------------------------------------------
     0 | D:1      | anacleto the Troll Gladiator began the quest for the Orb.
     0 | D:1      | Reached XP level 1. HP: 19/19 MP: 0/0
   183 | D:1      | Reached XP level 2. HP: 28/28 MP: 1/1
   797 | D:2      | Reached XP level 3. HP: 35/35 MP: 2/2
   915 | D:2      | Reached skill level 1 in Shapeshifting
  1180 | D:2      | Reached XP level 4. HP: 43/44 MP: 3/3
  1573 | D:2      | Identified the amulet "Qauseu Ivve" {Spirit +Inv rPois
                  | Int+3}
  2076 | D:3      | Reached skill level 4 in Unarmed Combat
  2133 | D:3      | Found a basalt altar of Yredelemnul.
  2638 | D:3      | Reached XP level 5. HP: 52/52 MP: 4/4
  3064 | D:4      | Found a white marble altar of Elyvilon.
  3188 | D:4      | Noticed a lemure
  3190 | D:4      | Noticed a lemure
  3194 | D:4      | Noticed a lemure
  3377 | D:3      | Reached XP level 6. HP: 60/61 MP: 5/5
  3588 | D:4      | Noticed a water moccasin
  3988 | D:4      | Noticed Pikel
  4005 | D:4      | Slain by Pikel

Illustrated notes

Levels and vault maps discovered:
D:1:      lemuel_arrival_broad_hall, layout_basic,
          chequers_serial_rivers_small_a, nrook_mini_vaults
D:2:      minmay_diamond_boxcup, layout_loops_corners,
          ebering_dispersal_statue_hall, roderic_lattice_a,
          kennysheep_nondescript
D:3:      layout_basic, mainiacjoe_overflow_paths
D:4:      layout_loops_corners, elyvilon_altar_4, minmay_misc_feat_square,
          lightli_corner_chamber, uniq_pikel

Skill      XL: |  1  2  3  4  5 |
---------------+----------------+-----
Throwing       | 2 |  2.9
Fighting       | 2 3 |  3.6
Shapeshifting  | 1 2 |  2.2
Unarmed Combat | 4 |  4.9
Dodging        | |  2.4

Action                     |  1- 3 |  4- 6 || total
---------------------------+-------+-------++-------
  Melee: Unarmed           |   101 |   107 ||   208
         Punch             |     2 |     4 ||     6
  Throw: Dart              |       |    10 ||    10
         Large rock        |       |     2 ||     2
    Use: Potion            |       |     1 ||     1
   Stab: Sleeping          |     1 |       ||     1
 Armour: Robe              |    60 |    78 ||   138
  Dodge: Dodged            |    60 |    61 ||   121

Table legend: (Time is in decaauts)
 A = Elapsed time spent in this place.
 B = Non-inter-level travel time spent in this place.
 C = Inter-level travel time spent in this place.
 D = Time resting spent in this place.
 E = Time spent auto-exploring this place.
 F = Levels seen in this place.
 G = Mean time per level.
                   A        B        C        D        E       F      G
               +--------+--------+--------+--------+--------+-----+--------+
         Total |   3990 |   3883 |    107 |    231 |   2805 |   4 |  997.5 |
       Dungeon |   3990 |   3883 |    107 |    231 |   2805 |   4 |  997.5 |
               +--------+--------+--------+--------+--------+-----+--------+

Top non-repeatable levels by time:
     D:3: 1287 daAuts
     D:2: 1139 daAuts
     D:4: 808 daAuts
     D:1: 755 daAuts
